General information
- name: BNet
- type: Ladder team game (AT/RT)
- host: Battle.net
- saver: DIDDO.RIDDO
map: Mur'gulOasis
- players: 8
- length: 30:15
- speed: Fast
- version: 1.26 W3XP
- replay type: Public
» download(155 KB)
Players
team 1 (winner)

»
Moose-G (
teal | 80 APM | 635 actions | 07:57)
2 Archmage
1 Summon Water Elemental
1 Brilliance Aura
1 Mountain King
1 Storm Bolt
» actions
| Assign group hotkey | 15 | |
| Basic commands | 22 | |
| Build / train | 34 | |
| ESC pressed | 6 | |
| Enter build submenu | 15 | |
| Enter hero's abilities submenu | 3 | |
| Right click | 192 | |
| Select / deselect | 120 | |
| Select group hotkey | 197 | |
| Use ability | 31 | |
635 total
» units
| Peasant | 13 | |
| Footman | 6 | |
| Rifleman | 1 | |
20 total
» upgrades
» buildings
| Altar of Kings | 1 | |
| Farm | 6 | |
| Barracks | 1 | |
| Scout Tower | 2 | |
| Arcane Tower | 1 | |
| Keep | 1 | |
| Lumber Mill | 1 | |
| Blacksmith | 1 | |
| Arcane Vault | 1 | |
| Arcane Sanctum | 2 | |
17 total
» build order
00:12 Altar of Kings
00:28 Farm
00:54 Barracks
01:05 Farm
01:53 Farm
02:08 Scout Tower
02:42 Arcane Tower
03:33 Keep
03:37 Farm
03:42 Lumber Mill
04:14 Blacksmith
04:22 Arcane Vault
04:25 Farm
05:29 Farm
05:56 Arcane Sanctum
05:57 Arcane Sanctum
06:54 Scout Tower

»
Necrophiliac (
blue | 18 APM | 546 actions | 29:31)
1 Keeper of the Grove
1 Entangling Roots
» actions
| Assign group hotkey | 3 | |
| Basic commands | 1 | |
| Build / train | 23 | |
| Enter build submenu | 16 | |
| Enter hero's abilities submenu | 1 | |
| Right click | 195 | |
| Select / deselect | 202 | |
| Select group hotkey | 43 | |
| Use ability | 62 | |
546 total
» units
» buildings
| Moon Well | 2 | |
| Hunter's Hall | 1 | |
| Altar of Elders | 1 | |
| Ancient Protector | 10 | |
| Ancient of War | 1 | |
| Tree of Ages | 1 | |
| Tree of Eternity | 1 | |
17 total
» build order
00:23 Moon Well
00:37 Hunter's Hall
01:29 Altar of Elders
02:11 Moon Well
03:43 Ancient Protector
03:44 Ancient Protector
03:45 Ancient Protector
03:46 Ancient Protector
03:47 Ancient Protector
03:49 Ancient Protector
03:50 Ancient Protector
04:03 Ancient Protector
04:22 Ancient of War
05:46 Tree of Ages
08:11 Tree of Eternity
09:14 Ancient Protector
09:15 Ancient Protector
DIDDO.RIDDO (
green | 27 APM | 805 actions | 30:15)
4 Blademaster
2 Wind Walk
2 Critical Strike
» actions
| Assign group hotkey | 23 | |
| Basic commands | 43 | |
| Build / train | 23 | |
| Enter build submenu | 7 | |
| Enter hero's abilities submenu | 4 | |
| Right click | 324 | |
| Select / deselect | 59 | |
| Select group hotkey | 269 | |
| Use ability | 53 | |
805 total
» units
» buildings
| Altar of Storms | 1 | |
| Orc Burrow | 1 | |
| War Mill | 1 | |
| Voodoo Lounge | 1 | |
| Watch Tower | 4 | |
| Stronghold | 1 | |
9 total
» build order
00:22 Altar of Storms
00:33 Orc Burrow
00:53 War Mill
01:20 Voodoo Lounge
02:05 Watch Tower
02:37 Watch Tower
02:38 Watch Tower
03:18 Watch Tower
03:54 Stronghold
» items
| Healing Salve | 1 | |
| Lesser Clarity Potion | 2 | |
| Potion of Healing | 1 | |
| Staff of Teleportation | 1 | |
| Boots of Speed | 1 | |
6 total
Dance (
yellow | 110 APM | 3259 actions | 29:31)
8 Mountain King
3 Storm Bolt
2 Bash
1 Avatar
2 Thunder Clap
» actions
| Assign group hotkey | 90 | |
| Basic commands | 235 | |
| Build / train | 132 | |
| ESC pressed | 6 | |
| Enter build submenu | 34 | |
| Enter hero's abilities submenu | 8 | |
| Right click | 1276 | |
| Select / deselect | 539 | |
| Select group hotkey | 803 | |
| Use ability | 136 | |
3259 total
» units
| Peasant | 13 | |
| Rifleman | 20 | |
| Mortar Team | 11 | |
| Priest | 2 | |
| Sorceress | 5 | |
| Flying Machine | 26 | |
77 total
» upgrades
| Masonry | 1 | |
| Flare | 1 | |
| Long Rifles | 1 | |
| Fragmentation Shards | 1 | |
| Gunpowder | 2 | |
| Flak Cannons | 1 | |
7 total
» buildings
| Farm | 12 | |
| Altar of Kings | 1 | |
| Barracks | 1 | |
| Blacksmith | 1 | |
| Scout Tower | 8 | |
| Arcane Tower | 1 | |
| Lumber Mill | 1 | |
| Guard Tower | 10 | |
| Keep | 3 | |
| Arcane Vault | 1 | |
| Workshop | 2 | |
| Castle | 1 | |
| Arcane Sanctum | 1 | |
| Town Hall | 2 | |
45 total
» build order
01:18 Farm
01:20 Altar of Kings
01:23 Barracks
01:26 Blacksmith
01:52 Farm
01:56 Farm
02:09 Scout Tower
02:25 Farm
02:44 Arcane Tower
03:02 Farm
03:16 Lumber Mill
03:22 Scout Tower
03:53 Scout Tower
03:58 Scout Tower
04:16 Farm
04:38 Guard Tower
04:41 Guard Tower
04:41 Guard Tower
04:47 Guard Tower
04:47 Guard Tower
04:47 Guard Tower
04:51 Scout Tower
04:58 Scout Tower
05:00 Scout Tower
05:44 Keep
05:45 Keep
05:46 Guard Tower
06:08 Arcane Vault
06:19 Guard Tower
06:49 Scout Tower
07:29 Guard Tower
08:22 Workshop
08:23 Workshop
08:24 Farm
08:26 Farm
08:40 Castle
14:20 Farm
14:21 Farm
14:23 Arcane Sanctum
18:41 Farm
18:42 Farm
23:04 Town Hall
27:48 Town Hall
» items
| Scroll of Regeneration | 5 | |
| Lesser Clarity Potion | 9 | |
| Scroll of Town Portal | 2 | |
| Potion of Healing | 1 | |
17 total
team 2 (loser)

»
Turd_Ferguson (
orange | 45 APM | 1328 actions | 29:30)
4 Archmage
2 Summon Water Elemental
2 Brilliance Aura
1 Keeper of the Grove
1 Entangling Roots
2 Mountain King
1 Storm Bolt
1 Bash
» actions
| Assign group hotkey | 39 | |
| Basic commands | 38 | |
| Build / train | 82 | |
| Enter build submenu | 29 | |
| Enter hero's abilities submenu | 7 | |
| Right click | 424 | |
| Select / deselect | 364 | |
| Select group hotkey | 280 | |
| Use ability | 65 | |
1328 total
» units
| Peasant | 14 | |
| Wisp | 1 | |
| Footman | 13 | |
| Mortar Team | 6 | |
| Gryphon Rider | 9 | |
| Druid of the Talon | 1 | |
44 total
» upgrades
| Defend | 1 | |
| Masonry | 3 | |
| Lumber Harvesting | 2 | |
| Gunpowder | 3 | |
| Fragmentation Shards | 1 | |
| Flare | 1 | |
| Storm Hammers | 1 | |
| Animal War Training | 1 | |
| Swords | 2 | |
| Armor | 1 | |
| Ultravision | 1 | |
| Druid of the Talon Training | 1 | |
18 total
» buildings
| Altar of Kings | 2 | |
| Barracks | 2 | |
| Farm | 16 | |
| Lumber Mill | 1 | |
| Scout Tower | 5 | |
| Keep | 1 | |
| Arcane Tower | 1 | |
| Guard Tower | 4 | |
| Blacksmith | 1 | |
| Castle | 1 | |
| Workshop | 2 | |
| Arcane Vault | 2 | |
| Gryphon Aviary | 3 | |
| Town Hall | 2 | |
| Tree of Ages | 1 | |
44 total
» build order
00:09 Altar of Kings
00:20 Barracks
00:35 Farm
00:52 Farm
01:45 Barracks
02:02 Farm
02:30 Farm
04:22 Farm
05:23 Farm
05:51 Lumber Mill
06:09 Scout Tower
06:12 Scout Tower
06:15 Keep
06:44 Arcane Tower
07:12 Guard Tower
07:23 Blacksmith
08:40 Scout Tower
08:41 Scout Tower
08:41 Scout Tower
09:33 Guard Tower
09:47 Guard Tower
10:11 Castle
10:22 Guard Tower
10:45 Workshop
10:48 Workshop
12:10 Farm
12:11 Farm
12:12 Farm
12:12 Farm
12:42 Arcane Vault
19:22 Gryphon Aviary
19:25 Gryphon Aviary
19:48 Town Hall
23:44 Altar of Kings
24:27 Gryphon Aviary
24:35 Farm
24:35 Farm
24:38 Farm
24:38 Farm
24:40 Farm
24:41 Farm
26:17 Arcane Vault
27:58 Tree of Ages
28:38 Town Hall
» items
| Scroll of Regeneration | 2 | |
| Staff of Sanctuary | 1 | |
3 total

»
TruthIsOutThere (
red | 28 APM | 648 actions | 23:16)
1 Mountain King
1 Storm Bolt
1 Keeper of the Grove
1 Force of Nature
» actions
| Assign group hotkey | 3 | |
| Basic commands | 12 | |
| Build / train | 31 | |
| Enter build submenu | 11 | |
| Enter hero's abilities submenu | 3 | |
| Remove unit from queue | 1 | |
| Right click | 364 | |
| Select / deselect | 182 | |
| Select group hotkey | 10 | |
| Use ability | 31 | |
648 total
» units
» upgrades
» buildings
| Altar of Kings | 1 | |
| Farm | 6 | |
| Barracks | 2 | |
| Blacksmith | 1 | |
10 total
» build order
00:11 Altar of Kings
00:15 Farm
00:19 Barracks
00:58 Farm
01:38 Farm
02:20 Barracks
03:35 Farm
04:48 Farm
05:27 Blacksmith
06:26 Farm
powell.591 (
pink | 56 APM | 1539 actions | 27:40)
5 Priestess of the Moon
3 Trueshot Aura
2 Searing Arrows
2 Keeper of the Grove
2 Thorns Aura
» actions
| Assign group hotkey | 6 | |
| Build / train | 119 | |
| Enter build submenu | 39 | |
| Enter hero's abilities submenu | 7 | |
| Remove unit from queue | 2 | |
| Right click | 750 | |
| Select / deselect | 473 | |
| Select group hotkey | 56 | |
| Use ability | 87 | |
1539 total
» units
| Wisp | 35 | |
| Archer | 38 | |
| Glaive Thrower | 7 | |
| Dryad | 4 | |
| Chimaera | 1 | |
| Druid of the Talon | 3 | |
| Huntress | 11 | |
| Hippogryph | 2 | |
101 total
» upgrades
| Strength of the Moon | 2 | |
| Strength of the Wild | 2 | |
| Moon Armor | 1 | |
5 total
» buildings
| Altar of Elders | 2 | |
| Moon Well | 13 | |
| Ancient of War | 4 | |
| Tree of Ages | 1 | |
| Hunter's Hall | 1 | |
| Ancient of Wonders | 1 | |
| Ancient of Lore | 2 | |
| Tree of Eternity | 1 | |
| Ancient of Wind | 1 | |
| Tree of Life | 2 | |
| Chimaera Roost | 2 | |
30 total
» build order
00:10 Altar of Elders
00:18 Altar of Elders
00:23 Moon Well
00:40 Ancient of War
00:50 Moon Well
01:11 Ancient of War
01:54 Moon Well
02:10 Moon Well
02:49 Moon Well
03:19 Moon Well
06:11 Moon Well
06:16 Moon Well
06:56 Tree of Ages
07:09 Hunter's Hall
07:12 Ancient of Wonders
09:02 Moon Well
09:51 Moon Well
11:45 Ancient of Lore
11:52 Ancient of Lore
11:58 Tree of Eternity
16:30 Ancient of Wind
16:36 Tree of Life
17:20 Moon Well
17:35 Chimaera Roost
18:16 Chimaera Roost
18:38 Moon Well
19:46 Ancient of War
20:11 Ancient of War
24:48 Tree of Life
25:44 Moon Well
Chat log
(00:37 / Allies) Moose-G: rush?
(00:41 / Allies) Dance: yep
(00:43 / Allies) Necrophiliac: they will rush
(00:48 / Allies) Moose-G: they will
(00:49 / Allies) Moose-G: ya
(01:35 / Allies) Moose-G: tower
(01:37 / Allies) Moose-G: up
(01:40 / Allies) DIDDO.RIDDO: no shit nigger
(02:39 / Allies) Dance: make units idiots
(02:53 / Allies) Dance: your towers wont help your partners when they get attacked
(02:59 / Allies) Necrophiliac: :)
(04:34 / Allies) Necrophiliac: eating into their base
(04:42 / Allies) Necrophiliac: lol@ green
(04:49 / Allies) Moose-G: he is fucked
(04:56 / Allies) DIDDO.RIDDO: TP FAGGOTS
(04:57 / Allies) Dance: told u
(05:02 / Allies) Moose-G: nope
(05:04 / Allies) Dance: units>towers
(05:29 / All) Turd_Ferguson: nice tech
(05:41 / All) Moose-G: he is fucked
(06:15 / Allies) Dance: fuck you guys are retarded
(06:16 / Allies) Dance: seriously
(06:25 / Allies) Necrophiliac: swag
(06:27 / Allies) Dance: no
(06:29 / Allies) Dance: your a douchebag
(06:32 / Allies) Dance: who just threw the game
(06:46 / All) DIDDO.RIDDO: lol
(07:20 / Allies) Moose-G: gg?
(07:21 / Allies) Dance: and u haven o towers
(07:22 / Allies) Dance: your an idiot
(07:24 / Allies) Dance: you stupid fuck
(07:26 / Allies) Dance: no tyowers?
(07:32 / Allies) Moose-G: gg
(07:33 / Allies) Moose-G: 2v4
(07:33 / Allies) Dance: why the fuck didnt you make any
(07:34 / Allies) Dance: you idiot
(07:40 / Allies) Moose-G: tower ur mom
(07:44 / Allies) Dance: your an idiot
(07:51 / Allies) Moose-G: tower ur moms pussy
(07:55 / Allies) Moose-G: 2v4
(07:56 / Allies) Dance: good one retard
(07:57 / All) DIDDO.RIDDO: nigger
(08:00 / All) Necrophiliac: bahahaha
(08:01 / All) Dance: Noob team
(08:14 / All) Dance: All 3 of these fucks
(08:17 / All) Dance: Are retarded
(08:20 / All) Turd_Ferguson: yes
(08:21 / All) Necrophiliac: bahahaha
(08:22 / All) Necrophiliac: so mad
(08:32 / All) Dance: Intentionally throwing an easy win?
(08:34 / All) Dance: Retards
(08:38 / All) Necrophiliac: so bad
(08:49 / Allies) Dance: y
(08:51 / All) Dance: your ridiculous.
(08:57 / All) Necrophiliac: you are mad
(09:04 / All) Turd_Ferguson: i'd be mad if i was yellow
(09:05 / All) Dance: idiot ruining games
(09:07 / All) Necrophiliac: i bet i killed more shit then you
(09:08 / All) DIDDO.RIDDO: i have 5 towers its not my fault these niggers didnt tp
(09:25 / All) Turd_Ferguson: teching against a group that last a guy on start
(09:29 / All) Turd_Ferguson: is fucking stupid man
(09:34 / All) Dance: one tower attacks
(09:38 / All) Dance: the others make no units
(09:48 / All) DIDDO.RIDDO: i only needed one player to defend me and nobody showed
(09:55 / All) Turd_Ferguson: dude, you are on the end too
(09:57 / All) Turd_Ferguson: no excuse
(10:05 / All) Dance: Doesnt take any fucking time
(10:12 / All) Dance: For them to run to next base
(10:14 / All) Dance: Sides dont mean shit
(10:18 / All) Necrophiliac: green teched like a retard
(10:20 / All) Necrophiliac: i helped
(10:25 / All) Dance: Your an idiot
(10:31 / All) Necrophiliac: you're*
(10:45 / All) Necrophiliac: hey yellow
(10:49 / All) Necrophiliac: how many bases did you destroy?
(10:52 / All) Necrophiliac: oh, zero?
(10:54 / All) Necrophiliac: ...yea....
(11:18 / All) Necrophiliac: aw green so mad
(11:26 / All) DIDDO.RIDDO: im on a new acct no reason to be
(11:30 / All) Necrophiliac: he's mad that he died first :(
(11:41 / All) Necrophiliac: and that he didn't do pro shit like me
(11:46 / All) Dance: bunch of fucking idiots
(11:47 / All) Necrophiliac: sucks to suck huh?
(11:56 / All) Necrophiliac: sorry yellow, whats that?
(12:03 / All) Necrophiliac: you destroyed zero bases? i destroyed 1? yea....
(12:04 / All) Dance: Your a fucking idiot
(12:12 / All) Dance: Did you?
(12:15 / Allies) Necrophiliac: and you're a jew nigger
(12:16 / All) powell.591: do you guys want to leave now orrrr
(12:19 / All) TruthIsOutThere: you're*
(12:21 / All) Dance: That base has more buildings than you do, idiot.
(12:36 / All) Necrophiliac: what base?
(12:41 / All) Necrophiliac: the base i destroyed?
(12:42 / All) Necrophiliac: yea....
(12:47 / All) Dance: did you?
(12:48 / All) Necrophiliac: you suck pretty bad yellow
(12:51 / All) Dance: Still not destroyed, is it?
(12:57 / All) Necrophiliac: it is
(13:00 / All) Dance: GJ and you accomplished what else?
(13:02 / All) Necrophiliac: shits on fire, i win
(13:06 / All) Necrophiliac: more then you did
(13:09 / All) Turd_Ferguson: actually you lost
(13:10 / All) Necrophiliac: im the best
(13:13 / All) Necrophiliac: you lose yellow
(13:15 / All) Necrophiliac: i win
(13:16 / All) Dance: 1v1?
(13:22 / All) Necrophiliac: yea sure bro
(13:25 / All) Necrophiliac: 1v1 me IRL
(13:32 / All) Dance: lol makes sense you fucking douche
(13:35 / All) Turd_Ferguson: meaning a fistfight?
(13:41 / All) Necrophiliac: yea bro, i do UFC bro.
(13:48 / All) Dance: and your a fucking faggot online
(13:48 / All) Dance: GJ
(13:53 / All) Dance: Love to fuck with men?
(13:54 / All) Necrophiliac: fight me IRL bro
(13:54 / All) DIDDO.RIDDO: lol
(13:56 / All) Necrophiliac: you lose bro
(14:58 / All) Turd_Ferguson: me > you
(15:08 / All) Necrophiliac: you = gay nerd
(15:13 / All) Necrophiliac: do you even lift?
(15:29 / All) Turd_Ferguson: lol
(15:32 / All) Dance: Coming from the homo with that name?
(15:43 / All) Necrophiliac: wow, yellow is still alive? you guys fucking suck
(15:59 / All) Necrophiliac: yellow is the worst player in here and you're getting fucked by him
(16:00 / All) Necrophiliac: sad
(16:29 / All) TruthIsOutThere: what a dumb fuck
(16:32 / All) TruthIsOutThere: he tp'd
(16:36 / All) Dance: a 1v4?
(16:37 / All) Necrophiliac: trying to win still
(16:38 / All) Dance: You expect much?
(16:43 / All) Necrophiliac: hey yellow
(16:43 / All) Dance: Scores will be a fun sight
(16:46 / All) Necrophiliac: leave and 1v1 me
(16:56 / All) Necrophiliac: comon bro, 1v1 me
(16:58 / All) Necrophiliac: lets roll
(17:20 / All) Necrophiliac: QUICK YELLOW, GET MORE MORTS
(17:42 / All) Necrophiliac: LOL
(17:46 / All) Necrophiliac: COMON BRO
(17:51 / All) Dance: Pro
(17:52 / All) Necrophiliac: JUST GAVE YOU 4K IN RESOURCES, WIN BRO
(17:54 / All) Turd_Ferguson: who let him get to level 7
(17:55 / All) Turd_Ferguson: jesus
(18:11 / All) Necrophiliac: COMON YELLOW, WIN YELLOW LOL
(18:15 / All) Dance: Im pro
(18:19 / All) Necrophiliac: you suck dick
(18:21 / All) Necrophiliac: which is why you lose
(18:22 / All) Turd_Ferguson: shut up blue
(18:23 / All) Dance: we'll see
(18:28 / All) Necrophiliac: even after i gave you all that gold
(18:31 / All) Necrophiliac: you will still get fucked
(18:32 / All) Necrophiliac: watch
(18:35 / All) Dance: 400 gold?
(18:37 / All) Dance: Thx
(18:41 / All) Necrophiliac: 2k gold dipshit
(19:01 / All) Necrophiliac: comon bro, catch the hero bro
(19:17 / All) Necrophiliac: i wonder when oj will get air
(19:37 / Allies) Necrophiliac: shoot the ground next to the mine
(19:40 / Allies) Necrophiliac: kill preistest
(19:51 / Allies) Necrophiliac: dipshipt
(19:56 / Allies) Necrophiliac: and yea, i spell that how i want
(19:59 / Allies) Dance: can you stfu useless?
(20:05 / Allies) Dance: did nothing
(20:06 / Allies) Dance: i did all
(20:07 / Allies) Necrophiliac: um... who killed red?
(20:09 / Allies) Necrophiliac: me
(20:10 / All) Necrophiliac: HEY RED
(20:10 / Allies) Dance: 1 guy?
(20:14 / Allies) Dance: and its me vs 3
(20:16 / All) Necrophiliac: WHO KILLED YOUR BASE, ME OR YELLOW
(20:22 / All) Necrophiliac: yea, what did everyone else do? nothing
(20:24 / All) TruthIsOutThere: all you
(20:28 / All) Necrophiliac: thanks bro
(20:33 / All) Necrophiliac: suck it yellow
(20:35 / All) Necrophiliac: i helped
(20:37 / All) Necrophiliac: 1 for 1
(21:13 / Allies) Dance: come green
(21:24 / Allies) Necrophiliac: expo dipshit
(21:42 / All) Turd_Ferguson: hi yellow
(21:45 / All) Dance: hi
(22:10 / All) Turd_Ferguson: gg
(22:13 / All) Necrophiliac: wow
(22:15 / All) Necrophiliac: you got raped
(22:18 / All) Turd_Ferguson: no shit
(22:18 / All) Necrophiliac: 1v3
(22:21 / All) Necrophiliac: you suck dick
(22:23 / All) Necrophiliac: yellow sucks
(22:35 / All) Turd_Ferguson: obv not asshat
(22:36 / All) Dance: Clearly I do
(22:44 / All) Necrophiliac: you do.
(22:45 / All) TruthIsOutThere: 1v2
(22:56 / All) Necrophiliac: /stats
(22:58 / All) TruthIsOutThere: not 1v3
(23:01 / All) Necrophiliac: losing record
(23:07 / All) Dance: idiots likeu
(23:11 / All) Dance: Every game
(23:16 / All) Necrophiliac: me? i helped a lot
(23:19 / All) Necrophiliac: check the score bro
(23:25 / All) Dance: ya we'll see
(23:30 / All) Necrophiliac: yea we'll see
(23:33 / All) Necrophiliac: 1v1 me bro
(23:46 / All) Dance: Lol
(23:47 / All) Necrophiliac: griffs are about to rape you yellow
(24:04 / All) Necrophiliac: better get aa bro!
(25:26 / All) Dance: Your lucky i had no team
(25:37 / All) Turd_Ferguson: likewise
(25:38 / All) Turd_Ferguson: lol
(25:39 / All) Dance: All you had time to do was build up counters vs 1 player
(25:41 / All) Dance: You had pink
(25:43 / All) Dance: Preoccupying mwe
(25:44 / All) Necrophiliac: stfu, you all suck
(26:19 / All) Necrophiliac: oh oj...
(26:27 / All) Necrophiliac: how did you lose...
(26:33 / All) Turd_Ferguson: HUNTS
(26:37 / All) Turd_Ferguson: are you fucking kidding
(26:44 / All) Dance: Pink did nothing, oj?
(26:45 / All) Dance: LoL>
(26:47 / All) Dance: 2v1 FTW
(26:55 / All) Dance: Your lucky
(26:56 / All) Dance: Bottom line
(26:59 / All) Necrophiliac: see you suck yellow
(27:02 / All) Necrophiliac: no luck
(27:05 / All) Necrophiliac: you just suck cock
(27:08 / All) Dance: Pros watching this
(27:10 / All) Dance: Would beg a differ
(27:17 / All) Necrophiliac: couldn't even win with all that gold i gave ya
(27:20 / All) Necrophiliac: i am a pro
(27:21 / All) Dance: Give me 2v any player in the world
(27:22 / All) Dance: I'll win
(27:24 / All) Dance: I assure you
(27:26 / All) Necrophiliac: i say you suck dick
(27:27 / All) Turd_Ferguson: this is ridic
(27:41 / All) Dance: Either way
(27:43 / All) Turd_Ferguson: omg
(27:44 / All) Dance: Your lucky
(27:47 / All) Necrophiliac: it wasn't 2v1
(27:50 / All) Necrophiliac: either way, you lose
(27:53 / All) Necrophiliac: there is no luck
(27:55 / All) Necrophiliac: you suck dick
(27:57 / All) Necrophiliac: forever
(28:25 / All) Necrophiliac: lol@afk green
(28:30 / All) Dance: yep
(28:35 / All) Necrophiliac: stfu
(29:00 / All) Turd_Ferguson: gg
(29:13 / All) Necrophiliac: hey pink, you should TK, then 1v1 yellow